 Dungeon Crawl Stone Soup version 0.21.1-1-g345015f (webtiles) character file.

2654 suicidejoker the Digger (level 9, 0/68 HPs)
             Began as a Deep Dwarf Earth Elementalist on Feb 26, 2018.
             Was a Follower of Ashenzari.
             Shot with an arrow by a centaur (9 damage)
             ... on level 8 of the Dungeon.
             The game lasted 00:43:10 (8986 turns).

suicidejoker the Digger (DDEE)                      Turns: 8986, Time: 00:43:10

Health: 0/68       AC:  5    Str: 12    XL:     9   Next: 36%
Magic:  9/13       EV: 15    Int: 19    God:    Ashenzari [*.....]
Gold:   301        SH:  0    Dex: 15    Spells: 1/16 levels left

rFire    . . .     SeeInvis .   f - +0 dagger
rCold    . . .     Gourm    +   (no shield)
rNeg     + . .     Faith    .   G - +0 robe (curse)
rPois    .         Spirit   .   D - +1 helmet (curse)
rElec    .         Reflect  .   h - +0 cloak
rCorr    .         Harm     .   (no gloves)
MR       ++...                  (no boots)
Stlth    +++.......             m - amulet of the gourmand
HPRegen  0.00/turn              i - ring of positive energy
MPRegen  0.13/turn              w - +3 ring of slaying (curse)

@: non-regenerating
A: damage resistance, heal wounds, agile 1, magic resistance 1, sense
surroundings 2, no regeneration
a: Heal Wounds, Curse Item, Scrying, Renounce Religion


You were on level 8 of the Dungeon.
You worshipped Ashenzari.
Ashenzari was aware of your devotion.
You were very full.

You visited 2 branches of the dungeon, and saw 9 of its levels.

You collected 301 gold pieces.

Inventory:

Hand Weapons
 c - a +0 spear of piercing
 f - a +0 dagger (weapon)
 x - a +0 short sword
 z - a +3 whip
 F - a +1 war axe of venom
Missiles
 a - 49 sling bullets
 b - 19 stones (quivered)
 q - 49 poisoned needles
 E - 3 tomahawks
Armour
 h - a +0 cloak (worn)
 p - a +0 helmet
 s - a +0 scale mail
 D - a cursed +1 helmet (worn)
 G - a cursed +0 robe (worn)
Jewellery
 i - a ring of positive energy (left hand)
 m - an amulet of the gourmand (around neck)
 w - a cursed +3 ring of slaying (right hand)
Wands
 n - a wand of random effects (30)
 r - a wand of polymorph (20)
 t - a wand of flame (19)
 u - a wand of paralysis (22)
 y - a wand of digging (14)
Scrolls
 g - 7 scrolls of identify
 j - 4 scrolls of teleportation
 k - a scroll of immolation
 l - 7 scrolls of remove curse
 C - a scroll of amnesia
Potions
 o - a potion of curing
 v - a potion of resistance
 A - a potion of brilliance
 B - a potion of cancellation {unknown}
Books
 e - a book of Geomancy

   Spells                             Type                      Level
   a - Sandblast                      Earth                        1
   b - Passwall                       Transmutation/Earth          2
   c - Stone Arrow                    Conjuration/Earth            3
   d - Petrify                        Transmutation/Earth          4
   e - Lee's Rapid Deconstruction     Earth                        5
Comestibles
 d - 12 rations


   Skills:
 + Level 5.8 Dodging
 + Level 6.8 Stealth
 * Level 6.3 Unarmed Combat
 + Level 4.3 Spellcasting
 - Level 0.8 Transmutations
 + Level 7.7 Earth Magic
 + Level 5.0 Evocations


You had one spell level left.
You knew the following spells:

 Your Spells              Type           Power        Failure   Level  Hunger
a - Sandblast             Erth           ####..       1%          1    None
b - Passwall              Tmut/Erth      ###.......   3%          2    #......
c - Stone Arrow           Conj/Erth      ###...       9%          3    ###....
d - Lee's Rapid Deconstr  Erth           ####......   16%         5    ######.
e - Petrify               Tmut/Erth      ###.....     22%         4    ####...


Dungeon Overview and Level Annotations

Branches:
Dungeon (8/15)             Temple (1/1) D:4
   Lair: D:8-11

Altars:
Ashenzari
Fedhas
Gozag
Qazlal
Sif Muna
Vehumet
Xom

Shops:
D:4 (   D:7 }


Innate Abilities, Weirdness & Mutations

You are resistant to damage.
You can heal yourself by infusing magical energy.
You passively map the area around you.
You do not regenerate.
You are agile. (Dex +2)
You are resistant to hostile enchantments. (MR+)


Message History

The centaur shoots an arrow.
The arrow closely misses you.
Casting: Sandblast
Confirm with . or Enter, or press ? or * to list all spells.
Aiming: Sandblast
Press: ? - help, Shift-Dir - straight line, f/p - centaur
Aim: a centaur, wielding a shortbow The blast of sand hits the centaur.
The centaur is severely wounded.
b - 20 stones The centaur shoots an arrow.
The arrow closely misses you.
Casting: Sandblast
Confirm with . or Enter, or press ? or * to list all spells.
Aiming: Sandblast
Press: ? - help, Shift-Dir - straight line, f/p - centaur
Aim: a centaur, wielding a shortbow (severely wounded)
The blast of sand hits the centaur.
The centaur is severely wounded.
b - 19 stones The centaur shoots an arrow.
The arrow hits you!
You die...

########## * * * *
#........#
*......o*
#........#
...!.o.*
#........#
.....o.*
####..<.....#
.....c.
#####..........>#
, ,......o
#.....##........#
* *.......
##.######........#
.......##.@#
#.)......# *
*#.....)c..##
#........# , ,
....#######
#........# , # *
##..###### , *#.##
**,,,* *...# * ,,*
#.### #.. , #. *


You could see a centaur.

Vanquished Creatures
  Joseph (D:7)
  Sigmund (D:4)
  A water moccasin (D:7)
  A sky beast (D:8)
  An orc warrior (D:7)
  A centaur (D:7)
  3 ogres
  3 bullfrogs
  A gnoll sergeant (D:4)
  2 water moccasin skeletons (D:5)
  A howler monkey (D:4)
  2 crimson imps
  2 orc priests (D:7)
  2 gnoll shamans (D:4)
  A hound (D:7)
  5 orc wizards
  A bullfrog skeleton (D:7)
  An iguana (D:5)
  9 worker ants
  35 gnolls (D:4)
  A howler monkey zombie (D:5)
  A worker ant zombie (D:6)
  9 adders
  A worm (D:3)
  3 dart slugs
  9 leopard geckos
  23 orcs
  3 ball pythons
  5 giant cockroaches
  6 goblins
  8 hobgoblins
  17 jackals
  4 quokkas
  5 bats
  3 frilled lizards
  5 kobolds
  A quokka zombie (D:5)
  7 rats
185 creatures vanquished.

Notes
Turn   | Place    | Note
-------+----------+-------------------------------------------
     0 | D:1      | suicidejoker the Deep Dwarf Earth Elementalist began the quest for the Orb.
     0 | D:1      | Reached XP level 1. HP: 15/15 MP: 3/3
   179 | D:1      | Reached XP level 2. HP: 22/22 MP: 3/3
   185 | D:1      | Learned a level 2 spell: Passwall
   567 | D:1      | Reached skill level 1 in Unarmed Combat
   935 | D:2      | Reached XP level 3. HP: 19/28 MP: 1/5
   940 | D:2      | Learned a level 3 spell: Stone Arrow
   996 | D:2      | Found a blossoming altar of Fedhas.
  1861 | D:2      | Found a deep blue altar of Sif Muna.
  2498 | D:3      | Found a shattered altar of Ashenzari.
  2924 | D:3      | Reached XP level 4. HP: 5/36 MP: 1/6
  3301 | D:4      | Reached XP level 5. HP: 14/42 MP: 0/7
  3305 | D:4      | Gained mutation: You passively map the area around you. [potion of mutation]
  3305 | D:4      | Gained mutation: You are resistant to electric shocks. (rElec) [potion of mutation]
  3641 | D:4      | Reached skill level 5 in Earth Magic
  3855 | D:4      | Reached XP level 6. HP: 38/49 MP: 1/8
  4063 | D:4      | Noticed Sigmund
  4103 | D:4      | Killed Sigmund
  4180 | D:4      | Found Cenaem's Weapon Emporium.
  4254 | D:4      | Found a staircase to the Ecumenical Temple.
  4263 | Temple   | Entered the Ecumenical Temple
  4310 | D:3      | Became a worshipper of Ashenzari the Shackled
  5027 | D:4      | Reached XP level 7. HP: 21/55 MP: 5/10
  5122 | D:4      | Reached skill level 1 in Evocations
  5133 | D:4      | Learned a level 5 spell: Lee's Rapid Deconstruction
  5668 | D:4      | Reached skill level 6 in Earth Magic
  5863 | D:4      | Reached skill level 5 in Stealth
  6097 | D:5      | Entered Level 5 of the Dungeon
  6335 | D:5      | HP: 2/55 [water moccasin skeleton (5)]
  6336 | D:5      | Reached XP level 8. HP: 2/62 MP: 12/12
  7100 | D:6      | Reached skill level 5 in Unarmed Combat
  7201 | D:6      | Reached * piety under Ashenzari
  7395 | D:6      | Reached skill level 5 in Dodging
  7811 | D:6      | Found a stormy altar of Qazlal.
  7900 | D:7      | Noticed Joseph
  7963 | D:7      | Reached skill level 7 in Earth Magic
  7992 | D:7      | HP: 3/62 [worker ant (3)]
  7994 | D:7      | Killed Joseph
  8012 | D:7      | HP: 3/62 [orc warrior/scimitar (11)]
  8030 | D:7      | Mutation became permanent: You passively map a small area around you. [Deep Dwarf growth]
  8030 | D:7      | Gained mutation: You passively map the area around you. [Deep Dwarf growth]
  8030 | D:7      | Reached XP level 9. HP: 42/68 MP: 9/13
  8107 | D:7      | Learned a level 4 spell: Petrify
  8636 | D:7      | Found Opleicw's Gadget Emporium.
  8855 | D:8      | Reached skill level 5 in Evocations
  8880 | D:8      | Lost mutation: You are resistant to electric shocks. (rElec) [potion of mutation]
  8880 | D:8      | Gained mutation: You are agile. (Dex +2) [potion of mutation]
  8880 | D:8      | Gained mutation: You are resistant to hostile enchantments. (MR+) [potion of mutation]
  8986 | D:8      | Shot with an arrow by a centaur

Skill      XL: |  1  2  3  4  5  6  7  8  9 |
---------------+----------------------------+-----
Unarmed Combat | 1 2 3 4 5 6 |  6.3
Spellcasting   | 2 3 4 |  4.3
Stealth        | 3 4 5 6 |  6.8
Dodging        | 3 4 5 |  5.8
Earth Magic    | 5 6 7 |  7.7
Evocations     | 2 4 5 |  5.0
Transmutations | |  0.8

Action                   |  1- 3 |  4- 6 |  7- 9 || total
-------------------------+-------+-------+-------++-------
Melee: Unarmed           |    64 |    66 |    40 ||   170
       Punch             |       |     3 |     4 ||     7
       Dagger            |       |       |   149 ||   149
 Cast: Sandblast         |    34 |    40 |   151 ||   225
       Stone Arrow       |    11 |    19 |    11 ||    41
       Lee's Rapid Decon |       |       |     8 ||     8
       Petrify           |       |       |     4 ||     4
Invok: Curse Item        |       |       |     1 ||     1
 Abil: Heal Wounds       |     1 |     2 |    12 ||    15
  Use: Scroll            |     5 |     1 |     2 ||     8
       Potion            |     1 |     4 |    10 ||    15
 Stab: Sleeping          |     4 |       |    10 ||    14
       Distracted        |       |       |     1 ||     1
       Petrified         |       |       |     3 ||     3
       Petrifying        |       |       |     1 ||     1
  Eat: Chunk             |     9 |    18 |    17 ||    44
Armor: Robe              |    15 |    15 |    35 ||    65
       Skin              |       |       |   111 ||   111
Dodge: Dodged            |    51 |    39 |   153 ||   243
